 Dungeon Crawl Stone Soup version 0.16.0-16-g311141a (webtiles) character file.

230 Nefaurd the Grasshopper (level 6, -4/55 HPs)
             Began as a Naga Warper on Mar 19, 2015.
             Killed by nerve-wracking pain
             ... invoked by an orc priest
              (12 damage)
             ... on level 4 of the Dungeon.
             The game lasted 00:20:33 (2793 turns).

Nefaurd the Grasshopper (Naga Warper)               Turns: 2793, Time: 00:20:33

Health: -4/55      AC:  6    Str: 14    XL:     6   Next: 3%
Magic:  12/12      EV:  8    Int: 13    God:
Gold:   175        SH:  3    Dex: 12    Spells: 1 memorised, 10 levels left

rFire  . . .     SeeInvis +     a - +0 hand axe
rCold  + . .     Clarity  .     f - +2 animal skin
rNeg   . . .     SustAb   .     o - +0 buckler
rPois  +         Gourm    .     p - +0 helmet
rElec  .         Spirit   .     (no cloak)
rCorr  .         Warding  .     (no gloves)
rMut   .         Stasis   .     (no barding)
MR     .....                    (no amulet)
Stlth  ..........               s - ring of loudness (curse)
                                h - ring of protection from cold

@: heavily drained, very slow, not resistant to hostile enchantments, extremely
unstealthy
A: spit poison, see invisible, deformed body, poison resistance, slowness 2, AC
+2
a: Spit Poison


You were on level 4 of the Dungeon.
You were not hungry.

You visited 1 branch of the dungeon, and saw 4 of its levels.

You collected 175 gold pieces.

Inventory:

Hand weapons
 a - a +0 hand axe (weapon)
 u - a +0 broad axe
Missiles
 e - 5 tomahawks of dispersal (quivered)
Armour
 b - a +0 leather armour
 f - a +2 animal skin (worn)
 g - a +1 plate armour of poison resistance
 o - a +0 buckler (worn)
 p - a +0 helmet (worn)
Jewellery
 h - a ring of protection from cold (left hand)
 s - a cursed ring of loudness (right hand)
Scrolls
 d - a scroll of blinking
 i - a scroll of enchant armour {unknown}
 k - a scroll of fog {unknown}
 m - a scroll of magic mapping {unknown}
 n - a scroll of remove curse {unknown}
 t - 3 scrolls of identify {unknown}
Potions
 q - a potion of invisibility {unknown}
Books
 c - a book of Spatial Translocations

   Spells                             Type                      Level
   a - Apportation                    Translocation                1
   b - Blink                          Translocation                2
   c - Shroud of Golubria             Charms/Translocation         2
   d - Portal Projectile              Translocation                3
   e - Teleport Other                 Translocation                3
   f - Passage of Golubria            Translocation                4
Comestibles
 j - a beef jerky
 v - a slice of pizza
 w - a bread ration


   Skills:
 + Level 2.9(1.7) Fighting
 * Level 3.4(2.1) Axes
 - Level 0.8(0.0) Throwing
 - Level 1.1(0.0) Armour
 - Level 1.6(0.4) Dodging
 * Level 0.5(0.0) Shields
 - Level 3.0(1.8) Spellcasting
 + Level 4.4(3.1) Translocations


You had 10 spell levels left.
You knew the following spells:

 Your Spells              Type           Power        Failure   Level  Hunger
a - Apportation           Tloc           #.........   14%         1    ##.....


Dungeon Overview and Level Annotations

Branches:
Dungeon (4/15)
 Temple: D:4-7

Altars:
Ashenzari
Vehumet


Innate Abilities, Weirdness & Mutations

You cannot wear boots.
You can spit poison.
Your serpentine skin is tough (AC +2).
You have supernaturally acute eyesight.
Armour fits poorly on your strangely shaped body.
Your system is resistant to poisons.
You cover ground very slowly.


Message History

The orc priest is heavily wounded.
The orc priest closely misses you.
You barely miss the orc priest.
The orc priest is heavily wounded.
The orc priest mumbles some strange prayers to Beogh.
You feel troubled.
You closely miss the orc priest.
The orc priest is heavily wounded.
The orc priest barely misses you.
You hit the orc priest.
The orc priest is severely wounded.
The orc priest invokes the aid of Beogh against you.
Pain shoots through your body!
* * * LOW HITPOINT WARNING * * *
The orc priest hits you but does no damage.
You hit the orc priest.
The orc priest is almost dead.
The orc priest calls down the wrath of Beogh upon you.
Pain shoots through your body!
You die...

.. .. ##.
#.. #.#
#.# ##.#
###))#
#####.@o##
#.......#
#.......#
##.<..#..#
########.#
#.. #.


You could see an orc priest.

Vanquished Creatures
  3 orc wizards
  Robin (D:2)
  5 adders (D:3)
  A shadow imp (D:3)
  2 worms
  2 giant geckos
  7 orcs
  4 bats
  14 goblins
  7 hobgoblins
  6 kobolds
  5 giant cockroaches
  4 giant newts (D:3)
  11 rats
72 creatures vanquished.

Notes
Turn   | Place    | Note
--------------------------------------------------------------
     0 | D:1      | Nefaurd, the Naga Warper, began the quest for the Orb.
     0 | D:1      | Reached XP level 1. HP: 19/19 MP: 3/3
   270 | D:1      | Reached XP level 2. HP: 26/26 MP: 5/5
   744 | D:2      | Noticed Robin
   965 | D:1      | Reached XP level 3. HP: 29/32 MP: 5/7
  1095 | D:2      | Killed Robin
  1193 | D:2      | Found a shattered altar of Ashenzari.
  1760 | D:3      | Reached XP level 4. HP: 39/39 MP: 9/9
  1771 | D:3      | Found a radiant altar of Vehumet.
  1832 | D:3      | Reached skill level 4 in Translocations
  1976 | D:3      | Reached skill level 1 in Armour
  2075 | D:3      | Reached XP level 5. HP: 27/46 MP: 11/11
  2775 | D:4      | Reached XP level 6. HP: 25/55 MP: 12/12
  2793 | D:4      | Killed from afar by an orc priest

Action                   |  1- 3 |  4- 6 || total
-------------------------+-------+-------++-------
Melee: Hand axe          |   104 |   120 ||   224
       Broad axe         |     7 |       ||     7
 Abil: Spit Poison       |     4 |     2 ||     6
  Use: Potion            |       |     2 ||     2
  Eat: Bread ration      |     1 |       ||     1
       Meat ration       |       |     1 ||     1
